 Dungeon Crawl Stone Soup version 0.30-a0-218-gedb9141078 (webtiles) character file.

Game seed: 11225965373108285162

66 KennySheep the Trooper (level 4, 0/48 HPs)
             Began as an Ogre Warper on Oct 5, 2022.
             Was a Follower of Kikubaaqudgha.
             Slain by an iguana (12 damage)
             ... on level 4 of the Dungeon.
             The game lasted 00:05:22 (1890 turns).

KennySheep the Trooper (Ogre Warper)                Turns: 1890, Time: 00:05:23

Health: 0/48       AC:  3    Str: 17    XL:     4   Next: 15%
Magic:  3/7        EV:  9    Int: 14    God:    Kikubaaqudgha [*.....]
Gold:   47         SH:  0    Dex:  8    Spells: 4/7 levels left

rFire   + . .      SeeInvis .    a - +0 mace
rCold   . . .      Faith    .    (no shield)
rNeg    . . .      Spirit   .    b - +0 robe
rPois   .          Reflect  .    (helmet restricted)
rElec   .          Harm     .    (no cloak)
rCorr   .          Rampage  .    (gloves unavailable)
Will    .....                    (boots unavailable)
Stlth   +.........               (no amulet)
HPRegen 0.28/turn                k - ring of protection from fire
MPRegen 0.10/turn                (no ring)

@: very slightly contaminated
A: large, unfitting armour, tough skin 1
a: Renounce Religion, Unearth Wretches


You were on level 4 of the Dungeon.
You worshipped Kikubaaqudgha.
Kikubaaqudgha was aware of your devotion.
You visited 1 branch of the dungeon, and saw 4 of its levels.

You collected 47 gold pieces.

Inventory:

Hand Weapons
 a - a +0 mace (weapon)
Missiles
 d - 7 boomerangs of dispersal
Armour
 b - a +0 robe (worn)
Jewellery
 k - a ring of protection from fire (left hand)
Scrolls
 c - a scroll of blinking
 h - a scroll of identify {unknown}
 l - a scroll of immolation {unknown}
 n - a scroll of enchant armour {unknown}
 o - 2 scrolls of poison {unknown}
 p - a scroll of butterflies {unknown}
Potions
 e - 4 potions of heal wounds
 f - a potion of lignification {unknown}
 g - a potion of degeneration {unknown}
 i - a potion of experience {unknown}
 j - a potion of berserk rage {unknown}
 q - a potion of might {unknown}
 r - 3 potions of haste {unknown}


   Skills:
 + Level 3.6 Fighting
 * Level 3.0 Maces & Flails
 - Level 1.0 Throwing
 - Level 2.1 Dodging
 + Level 2.4 Spellcasting
 + Level 0.2 Necromancy
 - Level 3.1 Translocations


You had 4 spell levels left.
You knew the following spells:

 Your Spells              Type           Power      Damage    Failure   Level
a - Blink                 Tloc           20%        N/A       10%         2
b - Necrotise             Necr           8%         1d4       21%         1

Your spell library contained the following spells:

 Spells                   Type           Power      Damage    Failure   Level
 Lesser Beckoning         Tloc           20%        N/A       19%         3
 Teleport Other           Tloc           10%        N/A       19%         3
 Freeze                   Ice            4%         1d3       22%         1
 Sublimation of Blood     Necr           2%         N/A       30%         2
 Cigotuvi's Dreadful Rot  Necr/Pois/Air  2%         N/A       32%         2
 Vhi's Electric Charge    Tloc/Air       12%        N/A       34%         3
 Manifold Assault         Tloc           10%        N/A       52%         4
 Frozen Ramparts          Ice            2%         1d1       56%         3
 Hailstorm                Conj/Ice       1%         3d3       56%         3
 Animate Dead             Necr           2%         N/A       90%         4


Dungeon Overview and Level Annotations

Branches:
Dungeon (3/15)

Altars:
Kikubaaqudgha

Annotations:
D:4 Grinder


Innate Abilities, Weirdness & Mutations

You are too large for most types of armour.
You have tough skin. (AC +1)


Message History

The iguana is heavily wounded.
The iguana bites you but does no damage.
You hit the iguana.
The iguana is severely wounded.
The iguana bites you!
You barely miss the iguana.
The iguana is severely wounded.
The iguana bites you. The iguana misses you.
Your magical contamination has completely faded away.
You hit the iguana but do no damage.
The iguana is severely wounded.
A quokka comes into view.
The iguana barely misses you.
You hit the iguana but do no damage.
The iguana is severely wounded.
The iguana closely misses you.
You hit the iguana but do no damage.
The iguana is severely wounded.
The iguana bites you!
You barely miss the iguana.
The iguana is severely wounded.
The iguana barely misses you.
Grinder blinks!
The iguana bites you!
You hit the iguana but do no damage.
The iguana is severely wounded.
The iguana bites you.
* * * LOW HITPOINT WARNING * * *
You closely miss the iguana.
The iguana is severely wounded.
The iguana bites you.
* * * LOW HITPOINT WARNING * * *
You hit the iguana.
The iguana is severely wounded.
The iguana closely misses you. The iguana misses you.
Casting: Necrotise (safe; 21% risk of failure)
Confirm with . or Enter, or press ? or * to list all spells.
You miscast Blink.
You are very lightly contaminated with residual magic.
Nothing appears to happen.
The iguana bites you!
You die...
Kikubaaqudgha rasps: "You have failed me!
Welcome... death!"

...........
..........
....#.... .
#......##
#.
#.5.....#
#.
##.#####.#
#.. #r##
#.. ##l#
#..##@##
#.....#
#.......#
..###......
#...##...
#..## .....
... .###
...[ #
.##..


You could see Grinder, an iguana and a quokka.

Vanquished Creatures
  An adder (D:2)
  3 bats
  6 endoplasms
  4 giant cockroaches (D:1)
  4 goblins
  4 hobgoblins (D:1)
  8 jackals
  4 kobolds (D:1)
  3 quokkas
  10 ball pythons
  2 frilled lizards
  A rat (D:1)
50 creatures vanquished.

Vanquished Creatures (others)
  A plant (D:2)
1 creature vanquished.

Grand Total: 51 creatures vanquished

Notes
Turn   | Place    | Note
-------+----------+-------------------------------------------
     0 | D:1      | KennySheep the Ogre Warper began the quest for the Orb.
     0 | D:1      | Reached XP level 1. HP: 22/22 MP: 3/3
    44 | D:1      | HP: 1/22 [jackal (2)]
    47 | D:1      | Reached XP level 2. HP: 2/29 MP: 5/5
   506 | D:1      | Reached XP level 3. HP: 37/37 MP: 6/6
  1128 | D:2      | Found a faded altar of an unknown god.
  1131 | D:2      | Prayed at the altar of an unknown god.
  1131 | D:2      | Became a worshipper of Kikubaaqudgha
  1131 | D:2      | Reached * piety under Kikubaaqudgha
  1131 | D:2      | Received a gift from Kikubaaqudgha
  1693 | D:3      | Reached XP level 4. HP: 46/46 MP: 7/7
  1792 | D:3      | Learned a level 2 spell: Blink
  1864 | D:3      | You fall into a shaft and drop 1 floor!
  1876 | D:4      | Learned a level 1 spell: Necrotise
  1879 | D:4      | Noticed Grinder
  1890 | D:4      | Slain by an iguana

Illustrated notes

Levels and vault maps discovered:
D:1:      minmay_arrival_five_plusses, layout_loops_ring
D:2:      layout_basic, shapermc_ecumenical_altar_mp_urbaneastern
D:3:      layout_basic, minmay_unequal
D:4:      layout_layer_cave, kennysheep_mini, lemuel_tele_altar,
          chequers_temple_overflow_statue_of_worship,
          chequers_serial_rivers_small_b, uniq_pikel, uniq_grinder, uniq_pargi

Skill      XL: |  1  2  3  4 |
---------------+-------------+-----
Maces & Flails | 2 3 |  3.0
Fighting       | 3 |  3.6
Translocations | 3 |  3.1
Throwing       | |  1.0
Dodging        | |  2.1
Spellcasting   | |  2.4
Necromancy     | |  0.2

Action                   |  1- 3 |  4- 6 || total
-------------------------+-------+-------++-------
Melee: Mace              |   119 |    62 ||   181
       Punch             |     1 |       ||     1
 Cast: Necrotise         |       |     2 ||     2
  Use: Potion            |       |     3 ||     3
 Stab: Sleeping          |     1 |       ||     1
Armor: Robe              |    56 |    20 ||    76
Dodge: Dodged            |    72 |    51 ||   123

Table legend: (Time is in decaauts)
 A = Elapsed time spent in this place.
 B = Non-inter-level travel time spent in this place.
 C = Inter-level travel time spent in this place.
 D = Time resting spent in this place.
 E = Time spent auto-exploring this place.
 F = Levels seen in this place.
 G = Mean time per level.
                   A        B        C        D        E       F      G
               +--------+--------+--------+--------+--------+-----+--------+
         Total |   1938 |   1881 |     57 |    189 |   1291 |   4 |  484.5 |
       Dungeon |   1938 |   1881 |     57 |    189 |   1291 |   4 |  484.5 |
               +--------+--------+--------+--------+--------+-----+--------+

Top non-repeatable levels by time:
     D:1: 1105 daAuts
     D:2: 616 daAuts
     D:3: 188 daAuts
     D:4: 28 daAuts
